 Dungeon Crawl Stone Soup version 0.30-a0-782-ge64f9170bb (webtiles) character file.

Game seed: 8459804674794944755

1031 nuthulu the Fighter (level 8, -14/54 HPs)
             Began as a Gargoyle Fighter on Mar 7, 2023.
             Killed from afar by a steam dragon (17 damage)
             ... with a ball of steam
             ... on level 5 of the Dungeon.
             The game lasted 00:07:06 (4883 turns).

nuthulu the Fighter (Gargoyle Fighter)              Turns: 4883, Time: 00:07:07

Health: -14/54     AC: 13    Str: 22    XL:     8   Next: 23%
Magic:  8/8        EV:  9    Int:  9    God:
Gold:   1561       SH:  9    Dex:  9    Spells: 7/7 levels left

rFire   . . .      SeeInvis .    a - +1 flail
rCold   . . .      Faith    .    c - +0 buckler
rNeg    + . .      Spirit   .    b - +1 scale mail
rPois   ∞          Reflect  +    (no helmet)
rElec   +          Harm     .    (no cloak)
rCorr   +          Rampage  .    (no gloves)
Will    .....                    (no boots) Stlth
                                 k - amulet of reflection
HPRegen 0.29/turn                p - ring of resist corrosion
MPRegen 0.11/turn                (no ring)

@: no status effects
A: sickness immunity, AC +5, negative energy resistance 1, electricity
resistance, torment resistance 1, petrification resistance
a: no special abilities


You were on level 5 of the Dungeon.
You visited 2 branches of the dungeon, and saw 6 of its levels.

You collected 1561 gold pieces.

Inventory:

Hand Weapons
 a - a +1 flail (weapon)
Armour
 b - a +1 scale mail (worn)
 c - a +0 buckler (worn)
Jewellery
 g - a ring of ice
 k - an amulet of reflection (around neck)
 p - a ring of resist corrosion (left hand)
Wands
 j - a wand of polymorph (10)
Scrolls
 m - a scroll of fear
 r - a scroll of blinking
Potions
 d - a potion of might
 e - a potion of magic {unknown}
 f - 2 potions of attraction {unknown}
 h - a potion of invisibility {unknown}
 i - a potion of curing {unknown}
 l - a potion of ambrosia {unknown}
 n - a potion of lignification {unknown}
 o - 2 potions of mutation {unknown}
 q - a potion of cancellation {unknown}


   Skills:
 + Level 8.0 Fighting
 + Level 6.8 Maces & Flails
 - Level 3.2 Armour
 - Level 3.2 Shields


You had 7 spell levels left.
You didn't know any spells.
Your spell library contained the following spells:

 Spells                   Type           Power      Damage    Failure   Level
 Shock                    Conj/Air       0%         1d3       80%         1
 Ensorcelled Hibernation  Hex/Ice        0%         N/A       91%         2
 Static Discharge         Conj/Air       0%         2-2/arc   91%         2
 Spider Form              Tmut/Pois      0%         N/A       99%         3
 Vhi's Electric Charge    Tloc/Air       0%         N/A       99%         3
 Anguish                  Hex/Necr       0%         N/A       100%        4
 Arcjolt                  Conj/Air       0%         1d10      100%        5
 Lightning Bolt           Conj/Air       0%         1d11      100%        5


Dungeon Overview and Level Annotations

Branches:
Dungeon (5/15)             Temple (1/1) D:4

Altars:
Ashenzari
Cheibriados
Elyvilon
Fedhas
Gozag
Hepliaklqana
Kikubaaqudgha
Nemelex Xobeh
Qazlal
Sif Muna
Trog
Vehumet
Wu Jian
Xom
Yredelemnul
The Shining One
Lugonu

Annotations:
D:4 3 runed translucent doors, mopl's ghost, novice GnMo


Innate Abilities, Weirdness & Mutations

You are immune to sickness and miasma.
Your stone body is resilient. (AC +5)
You are immune to poison.
You resist negative energy. (rN+)
You are resistant to electric shocks. (rElec)
You are resistant to unholy torment.
You are immune to petrification.


Message History

The adder misses you.
Menkaure gestures at you while chanting.
You struggle to resist.
You block the adder's attack.
You sock Menkaure!
You destroy Menkaure!
The adder closely misses you. The adder barely misses you. The adder bites you.
You thump the adder!
You kill the adder!
Your Fighting skill increases to level 8!
You enter the shallow water.
Moving in this stuff is going to be slow.
You start resting.
HP restored.
r - a scroll of blinking You enter the shallow water.
Moving in this stuff is going to be slow.
You enter the shallow water.
Moving in this stuff is going to be slow.
You enter the shallow water.
Moving in this stuff is going to be slow.
There is a stone staircase leading up here.
Found a stone staircase leading down.
You now have 1561 gold pieces (gained 9).
A steam dragon comes into view.
The steam dragon hisses angrily.
The steam dragon breathes steam at you. The ball of steam hits you!
You hear an angry growl.
You are engulfed in a cloud of scalding steam.
The steam dragon breathes steam at you. The ball of steam hits you!!
* * * LOW HITPOINT WARNING * * *
You are engulfed in a cloud of scalding steam.
* * * LOW HITPOINT WARNING * * *
An orc comes into view. It is wielding a +0 club.
The orc shouts!
The steam dragon breathes steam at you. The ball of steam hits you!
You die...

#.##.#...#.# #)##...
##.##.......# #......
#.........#.## ####...
###......#.##...######... .
#≈#...........#..........
....##≈#........#....._.......
≈....:§§........#............[
~≈.#.§~.......###.............
##?~..D.§§@# #.._..⌠.._....
##≈######.# #............. #≈
#.# #.#.......#.). #≈ o..
#..._...#... ## #.##
###.......)# ..# ##.####..#
### #.......# #..#.#...
#........


You could see an orc.

Vanquished Creatures
  Menkaure (D:5)
  A swamp drake (D:4)
  A black bear (D:4)
  An ogre (D:4)
  2 scorpions (D:5)
  3 hounds
  A jelly (D:5)
  A gnoll bouda (D:5)
  2 iguanas (D:5)
  4 orc wizards
  7 gnolls
  2 adders
  2 ufetubi (D:4)
  2 worms
  2 dart slugs
  13 orcs
  8 endoplasms
  3 giant cockroaches
  10 goblins
  12 hobgoblins
  11 jackals
  9 kobolds
  2 quokkas (D:3)
  7 ball pythons
  4 bats (D:2)
  4 frilled lizards
  7 rats
122 creatures vanquished.

Vanquished Creatures (others)
  A fungus (D:1)
  A plant (D:1)
2 creatures vanquished.

Grand Total: 124 creatures vanquished

Notes
Turn   | Place    | Note
-------+----------+-------------------------------------------
     0 | D:1      | nuthulu the Gargoyle Fighter began the quest for the Orb.
     0 | D:1      | Reached XP level 1. HP: 14/14 MP: 1/1
   160 | D:1      | Reached XP level 2. HP: 19/19 MP: 2/2
   277 | D:1      | Found a faded altar of an unknown god.
   291 | D:1      | Got Plato's Folio of Conduction
   495 | D:1      | Reached XP level 3. HP: 24/24 MP: 3/3
   573 | D:1      | Reached skill level 4 in Fighting
  1276 | D:2      | Noticed Sigmund
  1277 | D:2      | Sigmund changed into Sigmund the hound
  1277 | D:2      | Noticed Sigmund
  1299 | D:2      | Killed Sigmund the hound
  1300 | D:2      | Reached XP level 4. HP: 23/30 MP: 4/4
  1483 | D:2      | Found a shimmering altar of Xom.
  1722 | D:3      | Reached XP level 5. HP: 14/34 MP: 5/5
  1734 | D:3      | Reached skill level 5 in Fighting
  1861 | D:3      | Identified the +1 leather armour "Zegg" {Int+4}
  2041 | D:3      | Identified a scroll of acquirement
  2041 | D:3      | Acquired 1220 gold pieces
  2473 | D:3      | Found a bloodstained altar of Trog.
  2670 | D:4      | Noticed a sky beast
  2671 | D:4      | a sky beast changed into a swamp drake
  2671 | D:4      | Noticed a swamp drake
  2691 | D:4      | Killed a swamp drake
  2692 | D:4      | Reached XP level 6. HP: 28/41 MP: 6/6
  2922 | D:4      | Reached skill level 6 in Fighting
  3212 | D:4      | Reached skill level 5 in Maces & Flails
  3216 | D:4      | Found a staircase to the Ecumenical Temple.
  3223 | Temple   | Entered the Ecumenical Temple
  3356 | D:4      | Reached XP level 7. HP: 35/47 MP: 7/7
  3400 | D:4      | Found a runed translucent gate.
  3401 | D:4      | Found a runed translucent gate.
  3401 | D:4      | Identified the +1 chain mail "Usupnog" {Str+3}
  3401 | D:4      | Noticed mopl's ghost (novice GnMo)
  3402 | D:4      | Found a runed translucent gate.
  3975 | D:5      | Entered Level 5 of the Dungeon
  4066 | D:5      | Found a sparkling altar of Nemelex Xobeh.
  4072 | D:5      | Found a shimmering blue altar of Sif Muna.
  4074 | D:5      | Found a snail-covered altar of Cheibriados.
  4083 | D:5      | Found a broken altar of Ashenzari.
  4105 | D:5      | Reached skill level 7 in Fighting
  4180 | D:5      | Found an opulent altar of Gozag.
  4493 | D:5      | Reached XP level 8. HP: 50/53 MP: 8/8
  4753 | D:5      | Noticed Menkaure
  4763 | D:5      | Killed Menkaure
  4766 | D:5      | Reached skill level 8 in Fighting
  4880 | D:5      | HP: 2/54 [something] (6)]
  4883 | D:5      | Killed from afar by a steam dragon

Illustrated notes

Levels and vault maps discovered:
D:1:      onia_arrival_mini_spirals, layout_loops_ring,
          shapermc_ecumenical_altar_rom_forum, columned_hall_lemuel
D:2:      layout_basic, serial_curves, eino_curves_01, eino_curves_01,
          basic_altar, uniq_sigmund
D:3:      layout_basic, mainiacjoe_overflow_alcove_1, kennysheep_generic_room_9
D:4:      layout_loops_ring, minmay_temple_entry_drinking_statues,
          biasface_ghost_orc_armoury, chequers_serial_rivers_marsh
D:5:      layout_loops_cross, mainiacjoe_overflow_six_doors_small,
          grunt_temple_overflow_open, serial_rivers,
          chequers_serial_rivers_micro_b, chequers_serial_rivers_small_3,
          chequers_serial_rivers_room_b, chequers_serial_rivers_micro_a,
          chequers_serial_rivers_small_a, minmay_pentangle, uniq_menkaure
Temple:   corrupted_temple

Skill      XL: |  1  2  3  4  5  6  7  8 |
---------------+-------------------------+-----
Fighting       | 4 5 6 7 8 |  8.0
Maces & Flails | 3 4 5 6 |  6.8
Armour         | |  3.2
Shields        | |  3.2

Action                     |  1- 3 |  4- 6 |  7- 9 || total
---------------------------+-------+-------+-------++-------
  Melee: Flail             |   134 |   196 |   145 ||   475
  Evoke: Wand              |     1 |     1 |       ||     2
    Use: Scroll            |     4 |     6 |     2 ||    12
         Potion            |       |       |     1 ||     1
 Armour: Scale mail        |    75 |    88 |    62 ||   225
  Dodge: Dodged            |    77 |    84 |    63 ||   224
  Block: Buckler           |    35 |   115 |    78 ||   228
         Reflection        |       |     4 |     1 ||     5

Table legend: (Time is in decaauts)
 A = Elapsed time spent in this place.
 B = Non-inter-level travel time spent in this place.
 C = Inter-level travel time spent in this place.
 D = Time resting spent in this place.
 E = Time spent auto-exploring this place.
 F = Levels seen in this place.
 G = Mean time per level.
                   A        B        C        D        E       F      G
               +--------+--------+--------+--------+--------+-----+--------+
         Total |   4998 |   4827 |    171 |    620 |   2959 |   6 |  833.0 |
       Dungeon |   4944 |   4786 |    158 |    620 |   2939 |   5 |  988.8 |
        Temple |     53 |     40 |     13 |      0 |     20 |   1 |   53.0 |
               +--------+--------+--------+--------+--------+-----+--------+

Top non-repeatable levels by time:
     D:4: 1373 daAuts
     D:3: 1026 daAuts
     D:1: 908 daAuts
     D:5: 846 daAuts
     D:2: 789 daAuts
  Temple: 53 daAuts
